 Dungeon Crawl Stone Soup version 0.32-a0-995-gb4a59205af (webtiles) character file.

Game seed: 179996902090408012

970 protoss039 the Digger (level 7, -1/55 HPs)
             Began as a Demonspawn Earth Elementalist on Apr 22, 2024.
             Was an Initiate of Vehumet.
             Slain by a yak (11 damage)
             ... on level 5 of the Dungeon.
             The game lasted 00:07:33 (3630 turns).

protoss039 the Digger (DsEE)                        Turns: 3630, Time: 00:07:34

Health: -1/55      AC: 11    Str:  8    XL:     7   Next: 94%
Magic:  22/22      EV:  9    Int: 23    God:    Vehumet [......]
Gold:   203        SH:  8    Dex: 17    Spells: 8/15 levels left

rFire   . . .        d - +2 whip (spect)
rCold   . . .        E - +0 kite shield
rNeg    . . .        j - +0 ring mail
rPois   +            i - +2 hat
rElec   .            k - +1 cloak {rPois}
rCorr   .            y - +1 pair of gloves {Dex+3}
SInv    .            (no boots)
Will    .....        g - amulet of regeneration
Stlth   +            t - ring of magical power
HPRegen 1.09/turn    z - +6 ring of intelligence
MPRegen 0.18/turn

%: no passive effects
@: very slightly contaminated, hasted, very quick
A: hooves 1, repulsion field 1, demonic magic 1
a: Renounce Religion


You were on level 5 of the Dungeon.
You worshipped Vehumet.
Vehumet was noncommittal.
You visited 2 branches of the dungeon, and saw 6 of its levels.

You collected 203 gold pieces.

Inventory:

Hand Weapons
 d - a +2 spectral whip (weapon)
Armour
 i - a +2 hat (worn)
 j - a +0 ring mail (worn)
 k - a +1 cloak of poison resistance (worn)
 y - a +1 pair of gloves of dexterity (worn)
 E - a +0 kite shield (worn)
Jewellery
 e - a ring of willpower
 g - an amulet of regeneration (around neck)
 t - a ring of magical power (left hand)
 z - a +6 ring of intelligence (right hand)
Wands
 n - a wand of mindburst (6)
 s - a wand of paralysis (11)
 C - a wand of flame (17)
Scrolls
 l - a scroll of fog
 o - a scroll of teleportation
 q - a scroll of blinking
 r - a scroll of identify
 u - 2 scrolls of butterflies
 v - a scroll of amnesia {unknown}
 w - a scroll of brand weapon
 A - a scroll of enchant weapon {unknown}
 B - a scroll of silence {unknown}
Potions
 a - a potion of attraction {unknown}
 b - a potion of magic
 c - a potion of mutation {unknown}
 f - a potion of ambrosia {unknown}
 h - a potion of berserk rage {unknown}
 m - a potion of haste
 p - 2 potions of heal wounds
 x - a potion of brilliance {unknown}


   Skills:
 + Level 4.3 Fighting
 + Level 3.0 Armour
 - Level 3.0 Dodging
 - Level 1.7 Stealth
 * Level 0.2 Shields
 + Level 4.5 Spellcasting
 - Level 1.0 Conjurations
 + Level 4.9 Earth Magic


You had 8 spell levels left.
You knew the following spells:

 Your Spells              Type           Power      Damage    Failure   Level
a - Sandblast             Erth           54%        2d13      28%         1
b - Passwall              Erth           27%        N/A       63%         3
c - Stone Arrow           Conj/Erth      36%        3d9       88%         3

Your spell library contained the following spells:

 Spells                   Type           Power      Damage    Failure   Level
 Brom's Barrelling Bould  Conj/Erth      18%        2d4       99%         4
 Petrify                  Alch/Erth      16%        N/A       100%        4


Dungeon Overview and Level Annotations

Branches:
Dungeon (5/15) Zot: 26346  Temple (1/1) D:4 Zot: 5963

Altars:
Ashenzari
Dithmenos
Gozag
Kikubaaqudgha
Makhleb
Ru
Vehumet
Wu Jian
Lugonu

Shops:
D:4 (


Innate Abilities, Weirdness & Mutations

You have large cloven feet.
You are surrounded by a mild repulsion field. (EV +2)
Spells you cast may paralyse adjacent enemies.


Message History

You hit the yak. Your kick misses the yak.
The yak is lightly wounded.
Your +2 spectral whip closely misses the yak.
Something hits you but does no damage. You block the yak's attack.
Unknown command.
You hit the yak.
The yak is moderately wounded.
Your +2 spectral whip hits the yak.
Something hits your +2 spectral whip but does no damage.
Something hits your +2 spectral whip.
Your spectral weapon shares its damage with you!
Something barely misses your +2 spectral whip.
The yak gores you!
Something hits your +2 spectral whip.
Your spectral weapon shares its damage with you!
The yak misses you.
You hit the yak.
The yak is moderately wounded.
Your +2 spectral whip hits the yak but does no damage.
Something hits your +2 spectral whip but does no damage.
Something misses your +2 spectral whip.
Something hits your +2 spectral whip but does no damage.
The yak gores you!
Something hits your +2 spectral whip.
Your spectral weapon shares its damage with you!
You hit the yak.
The yak is heavily wounded.
Your +2 spectral whip closely misses the yak.
Something hits your +2 spectral whip.
Your spectral weapon shares its damage with you!
Something misses your +2 spectral whip.
Something closely misses your +2 spectral whip.
You block the yak's attack.
Something closely misses your +2 spectral whip.
You block the yak's attack.
Unknown command.
You feel yourself speed up.
Your +2 spectral whip disappears.
Something hits you!
* * * LOW HITPOINT WARNING * * *
The yak gores you!
You die...

####^.##########
###....##........#
##.....##..........
##.##..##...........
#######.....##............
#..........##.............
#.########.#..............
..# ###........§§....
.##### ##.#....@Y.≈§§≈...
.....# #..'.....{{.§§/...
##...# ##.'.)......§§?...
###..# #..#.......§..≈...
).##.####..#..............
..##..##...#..............
###...#....##............
##....##....##..........
.......###...##........


You could see a yak.

Vanquished Creatures
  Sigmund (D:3)
  A black bear (D:4)
  A phantom (D:4)
  Blork the orc (D:5)
  A gnoll sergeant (D:5)
  A scorpion (D:4)
  A howler monkey (D:4)
  A bombardier beetle (D:4)
  2 hounds (D:5)
  2 gnoll boudas (D:5)
  Terence (D:2)
  An iguana (D:5)
  8 gnolls
  5 adders
  A white imp (D:4)
  2 ribbon worms
  4 dart slugs
  4 orcs (D:5)
  7 ball pythons
  3 bats
  2 endoplasms (D:3)
  4 giant cockroaches
  9 goblins
  6 hobgoblins
  4 jackals (D:1)
  2 quokkas
  3 frilled lizards
  8 kobolds
  6 rats
92 creatures vanquished.

Notes
Turn   | Place    | Note
-------+----------+-------------------------------------------
     0 | D:1      | protoss039 the Demonspawn Earth Elementalist began the
                  | quest for the Orb.
     0 | D:1      | Reached XP level 1. HP: 13/13 MP: 3/3
    15 | D:1      | Found a faded altar of an unknown god.
   174 | D:1      | Gained mutation: Spells you cast may paralyse adjacent
                  | enemies. [demonic ancestry]
   174 | D:1      | Reached XP level 2. HP: 13/20 MP: 3/5
   233 | D:1      | Reached skill level 1 in Fighting
   635 | D:1      | Gained mutation: You are surrounded by a mild repulsion
                  | field. (EV +2) [demonic ancestry]
   635 | D:1      | Reached XP level 3. HP: 26/26 MP: 4/6
  1184 | D:2      | Noticed Terence
  1234 | D:2      | Killed Terence
  1235 | D:2      | Reached skill level 1 in Armour
  1235 | D:2      | Reached XP level 4. HP: 27/33 MP: 6/8
  1655 | D:2      | Learned a level 3 spell: Passwall
  1668 | D:3      | Noticed Sigmund
  1686 | D:3      | Killed Sigmund
  1687 | D:3      | Reached XP level 5. HP: 24/39 MP: 9/9
  1988 | D:3      | Gained mutation: You have large cloven feet. [demonic
                  | ancestry]
  1988 | D:3      | Reached XP level 6. HP: 45/45 MP: 7/10
  2566 | D:4      | Learned a level 3 spell: Stone Arrow
  2731 | D:4      | Found Pongipaps's Weapon Shoppe.
  2771 | D:4      | Found a staircase to the Ecumenical Temple.
  2803 | Temple   | Entered the Ecumenical Temple
  2821 | Temple   | Became a worshipper of Vehumet
  2903 | D:4      | Reached XP level 7. HP: 52/52 MP: 7/12
  3262 | D:5      | Entered Level 5 of the Dungeon
  3335 | D:5      | Noticed Blork the orc
  3344 | D:5      | Killed Blork the orc
  3614 | D:5      | Noticed a yak
  3630 | D:5      | Slain by a yak

Illustrated notes

Levels and vault maps discovered:
D:1:      spicycebolla_green_bress_n_ham_2, layout_rooms,
          dreamdust_ecumenical_altar_grove
D:2:      layout_loops_ring, uniq_terence
D:3:      kennysheep_six_static_rooms, layout_basic, grunt_decor_resistance,
          uniq_sigmund
D:4:      layout_rooms, minmay_temple_entry_butterflies, serial_shops, shop,
          grunt_decor_mini_mirrors
D:5:      kennysheep_big_flooded_room, layout_cave_pools,
          cheibrodos_sewer_entry_sluice, serial_gnoll_camp,
          gnoll_camp_mini_sergeant, gnoll_camp_mini_hut, gnoll_camp_mini_hut,
          gnoll_camp_mini_hut, kennysheep_nub, uniq_ijyb, uniq_blork_the_orc,
          uniq_pikel
Temple:   corrupted_temple

Skill      XL: |  1  2  3  4  5  6  7 |
---------------+----------------------+-----
Fighting       | 1 2 3 4 |  4.3
Earth Magic    | 3 4 |  4.9
Dodging        | 2 3 |  3.0
Armour         | 1 2 3 |  3.0
Spellcasting   | 3 4 |  4.5
Stealth        | |  1.7
Shields        | |  0.2
Conjurations   | |  1.0

Action                     |  1- 3 |  4- 6 |  7- 9 || total
---------------------------+-------+-------+-------++-------
  Melee: Whip              |    83 |    81 |    68 ||   232
         Kick              |       |    16 |    17 ||    33
   Cast: Sandblast         |    29 |    28 |    15 ||    72
         Stone Arrow       |       |     1 |     7 ||     8
    Use: Potion            |     3 |       |     1 ||     4
         Scroll            |     2 |     3 |     2 ||     7
   Stab: Paralysed         |     2 |     6 |     8 ||    16
         Sleeping          |     1 |       |       ||     1
         Distracted        |       |     1 |       ||     1
 Armour: Robe              |    36 |       |       ||    36
         Ring mail         |    20 |    55 |    70 ||   145
  Dodge: Dodged            |    59 |    54 |    42 ||   155
  Block: Kite shield       |       |       |     4 ||     4

Table legend: (Time is in decaauts)
 A = Elapsed time spent in this place.
 B = Non-inter-level travel time spent in this place.
 C = Inter-level travel time spent in this place.
 D = Time resting spent in this place.
 E = Time spent auto-exploring this place.
 F = Levels seen in this place.
 G = Mean time per level.
                   A        B        C        D        E       F      G
               +--------+--------+--------+--------+--------+-----+--------+
         Total |   3689 |   3496 |    193 |     94 |   2564 |   6 |  614.8 |
       Dungeon |   3652 |   3493 |    159 |     94 |   2564 |   5 |  730.4 |
        Temple |     36 |      2 |     34 |      0 |      0 |   1 |   36.0 |
               +--------+--------+--------+--------+--------+-----+--------+

Top non-repeatable levels by time:
     D:3: 918 daAuts
     D:2: 886 daAuts
     D:1: 793 daAuts
     D:4: 670 daAuts
     D:5: 383 daAuts
  Temple: 36 daAuts
